 Dungeon Crawl Stone Soup version 0.32-a0-747-gc8563f6 (webtiles) character file.

Game seed: 2285012144153919669

11 GregortTheSecond the Grave Robber (level 2, -4/19 HPs)
             Began as a Mummy Necromancer on Mar 17, 2024.
             Slain by a ribbon worm (7 damage)
             ... on level 2 of the Dungeon.
             The game lasted 00:09:18 (480 turns).

GregortTheSecond the Grave Robber (MuNe)             Turns: 480, Time: 00:09:19

Health: -4/19      AC:  6    Str: 11    XL:     2   Next: 17%
Magic:  6/6        EV:  9    Int: 20    God:
Gold:   44         SH:  0    Dex: 12    Spells: 6/7 levels left

rFire   . . .        j - +0 short sword
rCold   + . .        (no shield)
rNeg    + + +        l - +1 ring mail {rF+}
rPois   ∞            (no helmet)
rElec   .            (no cloak)
rCorr   .            (no gloves)
SInv    .            (no boots)
Will    .....        (no amulet)
Stlth   +            g - +6 ring of intelligence
HPRegen 0.23/turn    (no ring)
MPRegen 0.10/turn

%: faith
@: no status effects
A: cold resistance 1, negative energy resistance 3, torment resistance 2, heat
vulnerability 1, in touch with death 1, no potions, faith
a: no special abilities


You were on level 2 of the Dungeon.
You visited 1 branch of the dungeon, and saw 2 of its levels.

You collected 44 gold pieces.

Inventory:

Hand Weapons
 d - a +0 dagger
 j - a +0 short sword (weapon)
 n - a +0 arbalest
Missiles
 k - 4 stones
Armour
 a - a +0 robe
 e - a +0 robe
 f - a +0 leather armour
 i - a +0 chain mail
 l - a +1 ring mail of fire resistance (worn)
Jewellery
 g - a +6 ring of intelligence (left hand)
Talismans
 m - a flux talisman
Scrolls
 b - a scroll of fear
 h - a scroll of enchant weapon {unknown}
Potions
 c - a potion of enlightenment {unknown}


   Skills:
 + Level 1.6 Dodging
 + Level 1.6 Stealth
 + Level 3.0 Spellcasting
 + Level 4.3 Necromancy


You had 6 spell levels left.
You knew the following spells:

 Your Spells              Type           Power      Damage    Failure   Level
a - Necrotise             Necr           100%       1d9       6%          1

Your spell library contained the following spells:

 Spells                   Type           Power      Damage    Failure   Level
 Vampiric Draining        Necr           30%        2d8       19%         3
 Animate Dead             Necr           30%        N/A       52%         4
 Curse of Agony           Necr           30%        N/A       86%         5


Dungeon Overview and Level Annotations

Branches:
Dungeon (2/15)

Altars:


Innate Abilities, Weirdness & Mutations

You are immune to poison.
Your flesh is cold resistant. (rC+)
You are immune to negative energy. (rN+++)
You are immune to unholy pain and torment.
You are vulnerable to heat. (rF-)
You are in touch with the powers of death.
You do not drink.
You have a special connection with the divine. (Faith)


Message History

The stream of webbing hits you but does no damage.
You are caught in a web!
You struggle to detach yourself from the web.
The ribbon worm expels a string of sticky webbing.
The stream of webbing hits you but does no damage.
You are even more entangled.
The web tears apart.
The ribbon worm bites you.
You hit the ribbon worm.
The ribbon worm is moderately wounded.
The ribbon worm expels a string of sticky webbing.
The stream of webbing hits you but does no damage.
You are caught in a web!
You struggle to detach yourself from the web.
The web tears apart.
The ribbon worm bites you.
You barely miss the ribbon worm.
The ribbon worm is lightly wounded.
The ribbon worm barely misses you.
You barely miss the ribbon worm.
The ribbon worm is lightly wounded.
The ribbon worm barely misses you.
You barely miss the ribbon worm.
The ribbon worm is lightly wounded.
The ribbon worm bites you.
You hit the ribbon worm but do no damage.
You hit the ribbon worm.
The ribbon worm is lightly wounded.
The ribbon worm bites you but does no damage.
You completely miss the ribbon worm.
The ribbon worm is lightly wounded.
The ribbon worm bites you but does no damage.
A goblin comes into view. It is wielding a +2 dagger of venom.
The goblin shouts!
You hit the ribbon worm.
The ribbon worm is lightly wounded.
The ribbon worm bites you.
* * * LOW HITPOINT WARNING * * *
You hit the ribbon worm.
The ribbon worm is moderately wounded.
The ribbon worm bites you!
You die...

#.. #.. #.. #.# #.#
...#.##### #......g.
..#.....# #........
..#@....#
##.......###.#)w...#
#............#.....#
#........# #.#.....#
#........###...#+###
#................##
+............g.....#
#.............####....
#.............# ###


You could see a ribbon worm and a goblin.

Vanquished Creatures
  A bat (D:1)
  2 endoplasms
  2 giant cockroaches (D:1)
  3 ball pythons (D:1)
  2 kobolds
  A rat (D:1)
11 creatures vanquished.

Notes
Turn   | Place    | Note
-------+----------+-------------------------------------------
     0 | D:1      | GregortTheSecond the Mummy Necromancer began the quest for
                  | the Orb.
     0 | D:1      | Reached XP level 1. HP: 13/13 MP: 4/4
   344 | D:1      | Reached XP level 2. HP: 19/19 MP: 5/5
   480 | D:2      | Slain by a ribbon worm

Illustrated notes

Levels and vault maps discovered:
D:1:      minmay_arrival_wavy_path, layout_rooms, minmay_heptomino_w4
D:2:      layout_basic, serial_forest, infiniplex_forest_lined_3,
          infiniplex_forest_corner_1, infiniplex_forest_lined_2,
          infiniplex_forest_lined_ring, infiniplex_forest_lined_corner,
          infiniplex_forest_clump_long, infiniplex_forest_lined_1,
          kennysheep_generic_room_13

Skill      XL: |  1  2 |
---------------+-------+-----
Spellcasting   | 3 |  3.0
Dodging        | |  1.6
Stealth        | |  1.6
Necromancy     | |  4.3

Action                     || total
---------------------------++-------
  Melee: Dagger            ||    23
         Unarmed           ||    17
         Short sword       ||    27
    Use: Scroll            ||     2
   Stab: Sleeping          ||     1
 Armour: Robe              ||    37
         Ring mail         ||    19
  Dodge: Dodged            ||    45

Table legend: (Time is in decaauts)
 A = Elapsed time spent in this place.
 B = Non-inter-level travel time spent in this place.
 C = Inter-level travel time spent in this place.
 D = Time resting spent in this place.
 E = Time spent auto-exploring this place.
 F = Levels seen in this place.
 G = Mean time per level.
                   A        B        C        D        E       F      G
               +--------+--------+--------+--------+--------+-----+--------+
         Total |    478 |    265 |    213 |      0 |      0 |   2 |  239.0 |
       Dungeon |    478 |    265 |    213 |      0 |      0 |   2 |  239.0 |
               +--------+--------+--------+--------+--------+-----+--------+

Top non-repeatable levels by time:
     D:1: 429 daAuts
     D:2: 48 daAuts
